AoeStats
← Nemsis

Nomad

508560636Analyzed
2v2 RM · 10d ago on Sep 23, 2026· 46m 29s· 4 players
Game mode
Random Map
Map size
176×176
Population
200
Speed
Normal
Resources
Standard
Victory
Conquest
Starting age
Dark Age
Ending age
Imperial Age
RankedLock teamsTeams togetherTeam positionsShared explorationLock speedFull tech treeHidden civsTurbo modeCheats
Victory
Defeat
🇦🇷 Chinese · Argentina
1050
+18
🇦🇺 Vietnamese · Australia
1013
+20
🇦🇷 Dravidians · Argentina
1102
-19
🇦🇷 Bohemians · Argentina
1098
-19
Nemsis
4:00 Loom
15:42 Feudal Age
20:57 Town Watch
23:52 Castle Age
22:30 Fishing Lines
22:56 Stone Mining
23:01 Gold Mining
23:35 Double-Bit Axe
26:50 Fletching
26:26 Crossbowman
29:06 Scale Mail Armor
30:19 Forging
36:49 Squires
38:16 Bodkin Arrow
38:22 Padded Archer Armor
37:47 Elite Skirmisher
46:07 Imperial Age
44:16 Wheelbarrow
44:43 Leather Archer Armor
46:21 Imperial Skirmisher
Deilos
2:53 Loom
13:31 Feudal Age
15:53 Gold Mining
18:06 Castle Age
16:10 Gold Mining
16:41 Double-Bit Axe
16:56 Fletching
16:50 Horse Collar
19:46 Bodkin Arrow
20:14 Bow Saw
24:40 Ballistics
28:19 Padded Archer Armor
33:50 Imperial Age
33:09 Wheelbarrow
35:35 Chemistry
35:09 Conscription
35:33 Bracer
37:00 Hand Cart
37:03 Leather Archer Armor
41:40 Town Watch
44:37 Scale Barding Armor
44:43 Forging
45:03 Ring Archer Armor
45:43 Chain Barding Armor
46:23 Bloodlines
46:13 Husbandry
Nisman Vive
5:28 Loom
13:12 Feudal Age
13:43 Double-Bit Axe
16:15 Wheelbarrow
20:58 Castle Age
20:32 Fletching
20:14 Man-at-Arms
22:09 Bow Saw
32:19 Elite Skirmisher
32:36 Elite Skirmisher
37:00 Medium Warships
37:07 Town Watch
39:24 Padded Archer Armor
39:21 Bodkin Arrow
40:25 Horse Collar
41:54 Thumb Ring
Nestor Carlos Kirchner
15:05 Feudal Age
15:46 Fishing Lines
20:25 Double-Bit Axe
24:29 Castle Age
22:51 Fletching
23:08 Scale Barding Armor
25:16 Husbandry
26:08 Bow Saw
26:36 Bodkin Arrow
40:26 Elite Skirmisher
45:31 Loom
Connection lost

Rejoining the realm…

Still unreachable

The connection could not be restored.

Session expired

The server has moved on; the page needs a fresh start.